AoeStats
← NDF

Arabia

506259951Analyzed
2v2 RM · 19d ago on Sep 12, 2026· 33m 2s· 4 players
Game mode
Random Map
Map size
Medium (4 player)
Population
200
Speed
Normal
Resources
Standard
Victory
Conquest
Starting age
Dark Age
Ending age
Imperial Age
RankedLock teamsTeams togetherTeam positionsShared explorationLock speedFull tech treeHidden civsTurbo modeCheats
Victory
Defeat
🇦🇷 Teutons · Argentina
773
+17
🇦🇷 Spanish · Argentina
771
+17
🇫🇷 Huns · France
817
-19
🇹🇷 Huns · Türkiye
755
-15
AKANZİ
0:29 Loom
18:01 Feudal Age
23:43 Castle Age
21:53 Scale Barding Armor
21:49 Scale Mail Armor
22:00 Forging
21:41 Fletching
21:52 Padded Archer Armor
21:36 Horse Collar
21:43 Double-Bit Axe
21:54 Stone Mining
22:13 Gold Mining
31:37 Caravan
zeren
8:39 Loom
11:18 Feudal Age
12:22 Horse Collar
12:30 Double-Bit Axe
14:29 Gold Mining
14:36 Gold Mining
14:38 Stone Mining
18:43 Wheelbarrow
21:31 Castle Age
22:38 Heavy Plow
22:52 Bow Saw
23:21 Gold Shaft Mining
23:59 Husbandry
26:55 Hand Cart
26:36 Town Watch
27:20 Caravan
30:07 Scale Barding Armor
30:13 Forging
estebanpa
11:29 Feudal Age
12:26 Loom
12:27 Horse Collar
12:50 Double-Bit Axe
21:16 Castle Age
19:51 Gold Mining
20:21 Bloodlines
20:55 Stone Mining
21:33 Scale Barding Armor
22:29 Heavy Plow
22:55 Chain Barding Armor
24:12 Stone Shaft Mining
32:45 Imperial Age
32:43 Forging
32:34 Scale Mail Armor
33:18 Squires
32:39 Pikeman
NDF
3:31 Loom
12:49 Feudal Age
18:47 Castle Age
17:34 Horse Collar
17:53 Double-Bit Axe
18:54 Gold Mining
19:02 Stone Mining
20:10 Arson
20:25 Squires
20:22 Fletching
23:19 Stone Shaft Mining
23:47 Pikeman
25:21 Forging
Connection lost

Rejoining the realm…

Still unreachable

The connection could not be restored.

Session expired

The server has moved on; the page needs a fresh start.